 Dungeon Crawl Stone Soup version 0.31.0-12-g77e489cdc1 (webtiles) character file.

Game seed: 14886146596882787626

497 spaghetti the Skirmisher (level 7, -2/50 HPs)
             Began as a Human Hunter on Feb 18, 2024.
             Killed from afar by an orc wizard (11 damage)
             ... with a puff of flame
             ... on level 4 of the Dungeon.
             The game lasted 00:02:39 (2847 turns).

spaghetti the Skirmisher (Human Hunter)             Turns: 2847, Time: 00:02:39

Health: -2/50      AC:  5    Str: 10 (11) XL:     7   Next: 16%
Magic:  7/7        EV: 12    Int:  8 (10) God:
Gold:   116        SH:  0    Dex: 18      Spells: 6/6 levels left

rFire   . . .        a - +0 shortbow
rCold   . . .        (shield currently unavailable)
rNeg    . . .        c - +0 leather armour
rPois   .            h - +2 hat
rElec   .            (no cloak)
rCorr   .            (no gloves)
SInv    .            (no boots)
Will    .....        (no amulet)
Stlth   +            (no ring)
HPRegen 0.28/turn    (no ring)
MPRegen 0.10/turn

%: no passive effects
@: confused
A: explore regen
a: no special abilities


You were on level 4 of the Dungeon.
You visited 1 branch of the dungeon, and saw 4 of its levels.

You collected 116 gold pieces.

Inventory:

Hand Weapons
 a - a +0 shortbow (weapon)
Armour
 c - a +0 leather armour (worn)
 h - a +2 hat (worn)
Wands
 e - a wand of charming (11)
Scrolls
 b - a scroll of butterflies
 d - 2 scrolls of vulnerability
 f - a scroll of blinking
 i - a scroll of identify
 k - a scroll of fog
Potions
 g - a potion of enlightenment
 j - a potion of degeneration


   Skills:
 - Level 2.0 Fighting
 + Level 8.4 Ranged Weapons
 - Level 2.0 Dodging
 - Level 1.0 Stealth


You had 6 spell levels left.
You didn't know any spells.
Your spell library contained the following spells:

 Spells                   Type           Power      Damage    Failure   Level
 Slow                     Hex            0%         N/A       52%         1
 Confusing Touch          Hex            0%         N/A       87%         3
 Sigil of Binding         Hex            0%         N/A       87%         3
 Vampiric Draining        Necr           0%         2d6       87%         3


Dungeon Overview and Level Annotations

Branches:
Dungeon (4/15)
 Temple: D:4-7

Altars:
Nemelex Xobeh


Innate Abilities, Weirdness & Mutations

You regain HP and MP as you explore.


Message History

Press: ? - help, Q - select action, (/) - cycle Shift-Dir - straight line, f/p - orc
Aim: an orc, wielding a +0 hand axe and wearing a +0 leather armour (66% to hit)
You shoot an arrow. The arrow barely misses the orc.
The arrow closely misses the orc wizard.
The arrow hits the orc priest.
The orc priest is severely wounded.
The orc priest looks braver for a moment.
The orc closely misses you.
Fire: a) +0 shortbow
Press: ? - help, Q - select action, (/) - cycle Shift-Dir - straight line, f/p - orc
Aim: an orc, wielding a +0 hand axe and wearing a +0 leather armour (66% to hit)
You shoot an arrow. The arrow hits the orc!
You kill the orc!
Fire: a) +0 shortbow
Press: ? - help, Q - select action, (/) - cycle Shift-Dir - straight line, f - orc wizard
Aim: an orc wizard, wielding a +0 dagger and wearing a +0 robe (heavily wounded, 60% to hit)
You shoot an arrow. The arrow hits the orc wizard.
The orc wizard is severely wounded.
Fire: a) +0 shortbow
Press: ? - help, Q - select action, (/) - cycle Shift-Dir - straight line, f/p - orc wizard
Aim: an orc wizard, wielding a +0 dagger and wearing a +0 robe (severely wounded, 60% to hit)
You shoot an arrow.
The arrow hits the orc wizard but does no damage.
The orc wizard is severely wounded.
The orc wizard barely misses you.
Fire: a) +0 shortbow
Press: ? - help, Q - select action, (/) - cycle Shift-Dir - straight line, f/p - orc wizard
Aim: an orc wizard, wielding a +0 dagger and wearing a +0 robe (severely wounded, 60% to hit)
You shoot an arrow.
The arrow hits the orc wizard but does no damage.
The orc wizard is severely wounded.
The orc priest casts a cantrip, but nothing happens.
The orc wizard points at you and mumbles some strange words.
You are confused.
The orc priest mumbles some strange prayers to Beogh against you.
Pain shoots through your body!
* * * LOW HITPOINT WARNING * * *
The orc wizard points at you and mumbles some strange words.
The puff of flame hits you!
You die...

###.### ##.##..........
#.# #.############ #.#
#.# #... ..# ##'## #.##
.# ##...## #.##
##.....## ##.##
##.......## #....
...####.........####...#
...)..o@........'.......
...####o........####....
##.......## #..##
##.....## #..# ##...##
##.## ##'## #...
#.###########.
#.##.......##.
##..........##.


You could see an orc priest and an orc wizard.

Vanquished Creatures
  Sigmund (D:2)
  Menkaure (D:4)
  A phantom (D:4)
  A scorpion (D:3)
  2 adders
  2 dart slugs (D:2)
  A ribbon worm (D:4)
  4 orcs
  4 endoplasms
  2 giant cockroaches
  6 goblins
  6 hobgoblins
  3 jackals (D:4)
  8 kobolds
  2 quokkas (D:2)
  5 ball pythons
  4 bats
  2 frilled lizards
  4 rats
59 creatures vanquished.

Notes
Turn   | Place    | Note
-------+----------+-------------------------------------------
     0 | D:1      | spaghetti the Human Hunter began the quest for the Orb.
     0 | D:1      | Reached XP level 1. HP: 16/16 MP: 1/1
   138 | D:1      | Reached XP level 2. HP: 22/22 MP: 2/2
   784 | D:2      | Noticed Sigmund
   805 | D:2      | Killed Sigmund
   806 | D:2      | Reached skill level 6 in Ranged Weapons
   806 | D:2      | Reached XP level 3. HP: 9/27 MP: 3/3
   806 | D:2      | Reached XP level 4. HP: 11/33 MP: 4/4
   806 | D:2      | Reached XP level 5. HP: 12/38 MP: 5/5
  1636 | D:3      | Reached skill level 7 in Ranged Weapons
  1636 | D:3      | Reached XP level 6. HP: 22/44 MP: 6/6
  1752 | D:3      | Found a sparkling altar of Nemelex Xobeh.
  1873 | D:3      | Found a faded altar of an unknown god.
  2322 | D:4      | Noticed Menkaure
  2327 | D:4      | Killed Menkaure
  2484 | D:4      | Reached skill level 8 in Ranged Weapons
  2497 | D:4      | Reached XP level 7. HP: 46/50 MP: 7/7
  2847 | D:4      | Killed from afar by an orc wizard

Illustrated notes

Levels and vault maps discovered:
D:1:      minmay_arrival_solitary_statue, layout_basic
D:2:      layout_loops_ring, uniq_sigmund
D:3:      layout_loops_ring, nemelex_diamond_rough_becter,
          ebering_ecumenical_altar_rust
D:4:      layout_loops_corners, lightli_sewer_entry_pipes, uniq_menkaure

Skill      XL: |  1  2  3  4  5  6 |
---------------+-------------------+-----
Ranged Weapons | 6 7 8 |  8.4
Fighting       | |  2.0
Dodging        | |  2.0
Stealth        | |  1.0

Action                     |  1- 3 |  4- 6 |  7- 9 || total
---------------------------+-------+-------+-------++-------
  Melee: Shortbow          |     2 |       |       ||     2
   Fire: Shortbow          |    39 |   118 |    47 ||   204
    Use: Potion            |     3 |     4 |       ||     7
         Scroll            |       |     4 |       ||     4
 Armour: Leather armour    |     9 |    22 |     7 ||    38
  Dodge: Dodged            |     6 |    25 |     9 ||    40
